 Dungeon Crawl Stone Soup version 0.20-a0-396-gbf3f530 (webtiles) character file.

6631 Kriby the Thaumaturge (level 10, -4/74 HPs)
             Began as a Mummy Fire Elementalist on Dec 31, 2016.
             Was a Believer of Sif Muna.
             Collided with a stone wall (13 damage)
             ... caused by a deep elf mage
             ... on level 9 of the Dungeon.
             The game lasted 00:31:13 (10732 turns).

Kriby the Thaumaturge (Mummy Fire Elementalist)    Turns: 10732, Time: 00:31:13

Health: -4/74      AC:  7    Str: 11    XL:     10   Next: 72%
Magic:  25/35      EV: 12    Int: 18    God:    Sif Muna [**....]
Gold:   461        SH:  5    Dex: 13    Spells: 23/33 levels left

rFire  . . .     SeeInvis .     g - +4 short sword (speed)
rCold  + . .     Gourm    .     j - +2 robe {rF+}
rNeg   + + +     Faith    .     f - +0 buckler
rPois  ∞         Spirit   .     m - +1 hat
rElec  .         Reflect  .     r - +1 cloak
rCorr  .         Harm     .     (no gloves)
MR     +....                    (no boots)
Stlth  ++........               s - amulet of magic regeneration
                                l - ring of magical power
                                k - ring of wizardry

@: no status effects
A: no food or potions, fire vulnerability, cold resistance 1, negative energy
resistance 3, torment resistance, unbreathing
a: Divine Energy, Renounce Religion


You were on level 9 of the Dungeon.
You worshipped Sif Muna.
Sif Muna was pleased with you.
You were not hungry.

You visited 2 branches of the dungeon, and saw 10 of its levels.

You collected 461 gold pieces.

Inventory:

Hand Weapons
 g - a +4 short sword of speed (weapon)
Armour
 f - a +0 buckler (worn)
 j - a +2 robe of fire resistance (worn)
 m - a +1 hat (worn)
 r - a +1 cloak (worn)
 v - a +0 pair of boots
Jewellery
 k - a ring of wizardry (left hand)
 l - a ring of magical power (right hand)
 q - an uncursed ring of magical power
 s - an amulet of magic regeneration (around neck)
 u - a +4 ring of strength {unknown}
Wands
 t - a wand of confusion (25/48)
Scrolls
 c - 4 scrolls of teleportation
 d - 2 scrolls of fear
 e - a scroll of identify
 h - 2 scrolls of immolation
 i - 3 scrolls of amnesia
 n - a scroll of magic mapping
 o - 5 scrolls of remove curse
 p - a scroll of recharging
Books
 a - a book of Maledictions

   Spells                             Type                      Level
   a - Corona                         Hexes                        1
   b - Ensorcelled Hibernation        Hexes/Ice                    2
   c - Confuse                        Hexes                        3
   d - Tukima's Dance                 Hexes                        3
   e - Dazzling Spray                 Conjuration/Hexes            3
 b - a book of Flames

   Spells                             Type                      Level
   a - Flame Tongue                   Conjuration/Fire             1
   b - Throw Flame                    Conjuration/Fire             2
   c - Conjure Flame                  Conjuration/Fire             3
   d - Inner Flame                    Hexes/Fire                   3
   e - Sticky Flame                   Conjuration/Fire             4
   f - Fireball                       Conjuration/Fire             5


   Skills:
 - Level 5.0 Fighting
 - Level 1.5 Dodging
 - Level 1.5 Stealth
 - Level 4.3 Shields
 * Level 12.1 Spellcasting
 + Level 6.9 Conjurations
 * Level 5.9 Fire Magic


You had 23 spell levels left.
You knew the following spells:

 Your Spells              Type           Power        Failure   Level  Hunger
a - Flame Tongue          Conj/Fire      ####.        1%          1    N/A
b - Conjure Flame         Conj/Fire      ####....     1%          3    N/A
c - Sticky Flame          Conj/Fire      ####....     1%          4    N/A
d - Throw Flame           Conj/Fire      ####..       1%          2    N/A

Dungeon Overview and Level Annotations

Branches:
Dungeon (9/15)             Temple (1/1) D:7
   Lair: D:8-11         Orc: D:9-12

Altars:
Ashenzari
Cheibriados
Dithmenos
Elyvilon
Fedhas
Gozag
Hepliaklqana
Kikubaaqudgha
Makhleb
Nemelex Xobeh
Okawaru
Qazlal
Ru
Sif Muna
Trog
Uskayaw
Vehumet
Xom
Yredelemnul
Zin
The Shining One

Shops:
D:5 (

Annotations:
D:5 exclusion: downstairs


Innate Abilities, Weirdness & Mutations

You do not eat or drink.
Your flesh is vulnerable to fire.
You are immune to poison.
Your flesh is cold resistant. (rC+)
You are immune to negative energy. (rN+++)
You are immune to unholy pain and torment.
You can survive without breathing.


Message History

Press: ? - help, Shift-Dir - straight line, f/p - deep elf mage
Aim: a deep elf mage, wielding a short sword and wearing a ring mail (lightly wounded)
The flame tongue misses the deep elf mage.
The deep elf mage gestures at you while chanting.
The orb of energy hits you!
The orb of energy explodes!
The battlesphere fires!
The barrage of energy hits you!
A kobold and a battlesphere come into view.
Casting: Flame Tongue
Confirm with . or Enter, or press ? or * to list all spells.
Aiming: Flame Tongue
Press: ? - help, Shift-Dir - straight line, f/p - deep elf mage
Aim: a deep elf mage, wielding a short sword and wearing a ring mail (lightly wounded)
The flame tongue hits the deep elf mage.
The deep elf mage is moderately wounded.
The deep elf mage casts a spell at you. The lance of force hits you!
* * * LOW HITPOINT WARNING * * *
You are knocked back by the lance of force.
You slam into the stone wall!
You die...

#......#.............
##.##..#.............
########.##..#####........#
.............#...#........#
.............#...#........#
..........[..#...#........#
###..........+ ..#...)....+
#+#######+####'#......%.#
... #@.#........# ..e.
+..§eK......# .....
#..#K.......#
......##+#l*......#
#.e.....(.......
#...............
#...............
#......#####+##. ###.l..#


You could see a deep elf mage, a big kobold, a battlesphere and a kobold.

Vanquished Creatures
  A hydra (D:8)
  Pikel (D:6)
  A cyclops (D:7)
  Grinder (D:5)
  2 dream sheep (D:8)
  A hippogriff (D:8)
  2 yaks (D:8)
  Menkaure (D:6)
  Duvessa (D:6)
  A sky beast (D:8)
  2 orc warriors
  2 slaves (D:6)
  5 ogres
  2 phantoms
  A centaur (D:7)
  3 big kobolds (D:8)
  Blork the orc (D:5)
  4 bullfrogs
  4 scorpions
  A water moccasin skeleton (D:4)
  5 killer bees (D:8)
  Dowan (D:6)
  8 wights
  A jelly (D:7)
  6 crimson imps
  A centaur zombie (D:8)
  4 centaur skeletons
  2 gnoll shamans
  5 hounds
  2 orc priests
  A bullfrog skeleton (D:7)
  8 worker ants
  2 iguanas
  6 orc wizards
  A howler monkey zombie (D:6)
  21 gnolls
  11 adders
  2 shadow imps (D:7)
  An ooze (D:3)
  An adder zombie (D:6)
  4 worms
  3 dart slugs
  6 leopard geckos
  24 orcs
  7 bats
  4 giant cockroaches
  6 goblins
  4 hobgoblins
  10 jackals
  7 kobolds
  4 quokkas
  2 ball pythons
  6 frilled lizards
  2 leopard gecko skeletons
  A quokka skeleton (D:4)
  9 rats
225 creatures vanquished.

Notes
Turn   | Place    | Note
-------+----------+-------------------------------------------
     0 | D:1      | Kriby the Mummy Fire Elementalist began the quest for the Orb.
     0 | D:1      | Reached XP level 1. HP: 13/13 MP: 4/4
    45 | D:1      | Reached skill level 3 in Spellcasting
   185 | D:1      | Reached XP level 2. HP: 19/19 MP: 2/6
   473 | D:1      | Reached skill level 1 in Conjurations
   691 | D:1      | Reached skill level 4 in Spellcasting
  1179 | D:2      | Reached XP level 3. HP: 24/24 MP: 6/8
  1490 | D:2      | Reached skill level 5 in Spellcasting
  1623 | D:2      | Learned a level 3 spell: Conjure Flame
  1635 | D:2      | Reached XP level 4. HP: 26/30 MP: 11/11
  1857 | D:2      | Found an iron altar of Okawaru.
  2410 | D:3      | Found a glowing golden altar of the Shining One.
  3150 | D:3      | Reached XP level 5. HP: 35/35 MP: 13/13
  3304 | D:3      | Reached skill level 6 in Spellcasting
  3608 | D:4      | Noticed a phantom
  3722 | D:4      | Killed a phantom
  3722 | D:4      | Reached XP level 6. HP: 41/41 MP: 15/15
  3809 | D:4      | Reached skill level 7 in Spellcasting
  4109 | D:4      | Learned a level 4 spell: Sticky Flame
  4246 | D:4      | Reached XP level 7. HP: 46/46 MP: 12/18
  4364 | D:5      | Entered Level 5 of the Dungeon
  4392 | D:5      | Found a blossoming altar of Fedhas.
  4418 | D:5      | Reached skill level 8 in Spellcasting
  4515 | D:5      | Found Xozib's Weapon Shoppe.
  4594 | D:5      | Noticed Grinder
  4603 | D:5      | Paralysed by Grinder for 3 turns
  4606 | D:5      | Killed Grinder
  4606 | D:5      | Reached skill level 1 in Shields
  4629 | D:5      | Noticed Blork the orc
  4642 | D:5      | Killed Blork the orc
  4777 | D:5      | Reached XP level 8. HP: 29/52 MP: 17/20
  5294 | D:6      | Noticed Duvessa
  5294 | D:6      | Noticed Dowan
  5504 | D:6      | Noticed Menkaure
  5519 | D:6      | Killed Menkaure
  5519 | D:6      | Reached skill level 9 in Spellcasting
  5775 | D:6      | Learned a level 2 spell: Throw Flame
  5994 | D:6      | Killed Dowan
  6009 | D:6      | Killed Duvessa
  6281 | D:6      | Found a shattered altar of Ashenzari.
  6658 | D:6      | Found an opulent altar of Gozag.
  7070 | D:6      | Reached XP level 9. HP: 57/57 MP: 22/22
  7132 | D:6      | Noticed Pikel
  7155 | D:6      | Killed Pikel
  7155 | D:6      | Reached skill level 10 in Spellcasting
  7274 | D:7      | Found a sparkling altar of Nemelex Xobeh.
  7471 | D:7      | Found a hazy altar of Hepliaklqana.
  7489 | D:7      | Reached skill level 5 in Conjurations
  7514 | D:7      | Noticed a cyclops
  7669 | D:7      | Killed a cyclops
  7669 | D:7      | Reached skill level 5 in Fire Magic
  7995 | D:7      | Found a staircase to the Ecumenical Temple.
  8014 | Temple   | Entered the Ecumenical Temple
  8111 | Temple   | Became a worshipper of Sif Muna the Loreminder
  8520 | D:7      | Reached skill level 11 in Spellcasting
  9148 | D:8      | Reached XP level 10. HP: 70/70 MP: 23/25
  9751 | D:8      | Reached * piety under Sif Muna
  9827 | D:8      | Noticed a two-headed hydra
  9856 | D:8      | Killed a two-headed hydra
 10154 | D:8      | Found a white marble altar of Elyvilon.
 10181 | D:8      | Reached skill level 5 in Fighting
 10274 | D:8      | Reached skill level 12 in Spellcasting
 10574 | D:9      | Reached ** piety under Sif Muna
 10710 | D:9      | Noticed a deep elf mage
 10732 | D:9      | Collided with a stone wall

Vault maps used:
D:1:      dpeg_arrival_refuge, serial_forest, infiniplex_forest_end_2,
          infiniplex_forest_lined_3, infiniplex_forest_clump_tiny,
          infiniplex_forest_clump_long, infiniplex_forest_lined_room_2,
          infiniplex_forest_end_2, infiniplex_forest_corner_2,
          roderic_bali_sauvastika
D:2:      lemuel_doored_altar, solitary_fountain
D:3:      tso_oasis_becter, kennysheep_decorative_pillar
D:5:      kennysheep_mini, first_bread, serial_shops, shop_statue, uniq_grinder,
          uniq_blork_the_orc
D:6:      nicolae_ashenzari_panopticon, grunt_gozag_breadcrumbs,
          minmay_lizard_king, uniq_duvessa, uniq_menkaure, uniq_pikel
D:7:      nicolae_overflow_crystal_walls, minmay_ruined_shrine
D:8:      elyvilon_altar_5, hangedman_ranch
D:9:      serial_shops, nicolae_shop_trees, uniq_prince_ribbit1, uniq_grum
Temple:   jpeg_temple_clearing

Skill      XL: |  1  2  3  4  5  6  7  8  9 10 |
---------------+-------------------------------+-----
Spellcasting   | 3 4 5 6 7 8 9 11 12 | 12.1
Conjurations   | 1 2 3 4 5 6 |  6.9
Fire Magic     | 3 4 5 |  5.9
Shields        | 2 3 4 |  4.3
Fighting       | 3 5 |  5.0
Dodging        | |  1.5
Stealth        | |  1.5

Action                   |  1- 3 |  4- 6 |  7- 9 | 10-12 || total
-------------------------+-------+-------+-------+-------++-------
Melee: Unarmed           |    19 |       |       |       ||    19
       Short sword       |       |       |    50 |    13 ||    63
       Mace              |       |       |    15 |       ||    15
 Cast: Flame Tongue      |    76 |   145 |   252 |   131 ||   604
       Conjure Flame     |       |    22 |    37 |    18 ||    77
       Sticky Flame      |       |       |    38 |    16 ||    54
       Throw Flame       |       |       |    31 |    11 ||    42
  Use: Scroll            |       |       |    14 |       ||    14
Armor: Robe              |     8 |     4 |    36 |     9 ||    57
Dodge: Dodged            |    42 |    12 |    56 |    13 ||   123
Block: Buckler           |       |       |     1 |    14 ||    15
